Map: Prion Terraces

Players

IlIlIlIlIl - Winner!

  • Race: Protoss Protoss
  • League: Master

Miszu

  • Race: Terran Terran
  • League: Master

VOD

Have the link to the VOD?

Description

Time

  • Played on: March 22, 2016, 3:59 p.m.
  • Length: 3:02
Show
View Real Time Build Order
Export as new Build Order

IlIlIlIlIl Protoss - Winner!

Build Orders:  

Get SALT Encoding   

  12  0:01  Probe (Chrono Boost)  
  13  0:11  Probe (Chrono Boost)  
  14  0:18  Pylon  
  14  0:22  Probe (Chrono Boost)  
  15  0:36  Probe (Chrono Boost)  
  15  0:41  Gateway  
  16  0:46  Probe (Chrono Boost)  
  16  0:48  Assimilator  
  17  0:59  Gateway  
  17  1:07  Probe (Chrono Boost)  
  18  1:18  Probe (Chrono Boost)  
  19  1:27  Zealot (Chrono Boost)  
  19  1:28  Probe  
  22  1:36  Cybernetics Core  
  22  1:40  Probe  
  23  1:53  Pylon  
  23  1:54  Assimilator  
  23  2:13  Stalker (Chrono Boost)  
  24  2:24  Gateway  
  24  2:32  Mothership Core  
  26  2:38  Pylon  
Show
View Real Time Build Order
Export as new Build Order

Miszu Terran 

Build Orders:  

Get SALT Encoding   

  12  0:01  SCV  
  13  0:13  SCV  
  14  0:20  Supply Depot  
  14  0:25  SCV  
  16  0:47  Barracks  
  15  0:53  Barracks  
  15  1:05  Barracks  
  13  1:40  Marine  
  13  1:41  Barracks  
  13  1:42  Marine  
  13  1:47  Supply Depot  
  14  1:58  Marine  
  14  2:00  Marine  
  14  2:16  Marine  
  14  2:18  Marine  
  16  2:31  SCV  
  16  2:34  Marine  
  16  2:36  Marine  
Tags
 
Add a new tag
Caveats
  • Supply blocks, unpowered buildings, or Contaminate may cause inaccurate times.
  • Supply counts are checked every 10 seconds.